 Dungeon Crawl Stone Soup version 0.25.1-1-g288607f (webtiles) character file.

Game seed: 13943462084209599858

9218 HanlonsRazors the Basher (level 11, -1/80 HPs)
             Began as a Demonspawn Monk on Sept 29, 2020.
             Was an Elder of Fedhas.
             Slain by an iguana (8 damage)
             ... on level 11 of the Dungeon.
             The game lasted 00:35:44 (14762 turns).

HanlonsRazors the Basher (Demonspawn Monk)         Turns: 14762, Time: 00:35:44

Health: -1/80      AC: 15    Str: 22    XL:     11   Next: 20%
Magic:  16/16      EV: 12    Int: 10    God:    Fedhas [****..]
Gold:   439        SH:  0    Dex: 15    Spells: 14/14 levels left

rFire    + . .     SeeInvis .   G - +9 flail "Jecwuil" {vorpal, rN+ Str+7 Int-2}
rCold    + . .     Gourm    .   (no shield)
rNeg     + + .     Faith    +   v - +0 ring mail
rPois    .         Spirit   .   F - +0 helmet
rElec    .         Reflect  .   y - +0 cloak
rCorr    .         Harm     .   P - +0 pair of gloves of Elej {rN+} (curse)
MR       +....                  U - -2 pair of boots of Anaesthesia {MR+}
Stlth    ++........             c - amulet of faith
HPRegen  0.23/turn              i - ring of protection from fire
MPRegen  0.15/turn              I - +4 ring of protection

@: invisible
A: hooves 1, thin metallic scales 1, cold resistance 1, demonic guardian 2
a: Wall of Briars, Grow Ballistomycete, Overgrow, Renounce Religion


You were on level 11 of the Dungeon.
You worshipped Fedhas.
Fedhas was greatly pleased with you.
You were not hungry.

You visited 2 branches of the dungeon, and saw 12 of its levels.

You collected 439 gold pieces.

Inventory:

Hand Weapons
 G - the +9 flail "Jecwuil" (weapon) {vorpal, rN+ Str+7 Int-2}
   (You found it on level 5 of the Dungeon)

   It inflicts extra damage upon your enemies.
   It affects your strength (+7).
   It affects your intelligence (-2).
   It protects you from negative energy.
 R - a +4 mace of freezing
Missiles
 g - 2 boomerangs
 k - 4 atropa-tipped darts
 t - 191 stones
 z - 11 poisoned darts
 N - 3 throwing nets (quivered)
Armour
 a - a +0 robe
 f - a cursed +0 kite shield
 v - a +0 ring mail (worn)
 y - a +0 cloak (worn)
 E - the cursed +0 leather armour "Kulofij" {rF+ Dex+4, unknown}
   (You found it on level 4 of the Dungeon)

   It affects your dexterity (+4).
   It protects you from fire.
   It has a curse placed upon it.
 F - a +0 helmet (worn)
 P - the cursed +0 pair of gloves of Elej (worn) {rN+}
   (You found it on level 7 of the Dungeon)

   It protects you from negative energy.
   It has a curse placed upon it.
 Q - a +0 chain mail
 U - the -2 pair of boots of Anaesthesia (worn) {MR+}
   (You found it on level 10 of the Dungeon)

   It affects your resistance to hostile enchantments.
Jewellery
 c - an amulet of faith (around neck)
 d - an uncursed ring of protection from cold
 i - a ring of protection from fire (left hand)
 u - an uncursed ring of protection from fire
 I - a +4 ring of protection (right hand)
 W - an uncursed ring of see invisible {unknown}
Wands
 C - a wand of iceblast (8)
 J - a wand of enslavement (2)
 L - a wand of digging (11)
Scrolls
 l - 6 scrolls of remove curse
 n - 2 scrolls of noise {unknown}
 o - 3 scrolls of blinking
 p - 3 scrolls of teleportation
 r - a scroll of enchant weapon {unknown}
 w - a scroll of amnesia
 B - 2 scrolls of immolation {unknown}
 D - a scroll of identify {unknown}
 H - a scroll of magic mapping {unknown}
 O - a scroll of enchant armour {unknown}
 S - a scroll of fear {unknown}
 T - a scroll of random uselessness {unknown}
Potions
 e - 3 potions of curing
 h - 4 potions of flight
 j - 3 potions of lignification {unknown}
 m - 2 potions of brilliance {unknown}
 q - 2 potions of stabbing {unknown}
 s - 2 potions of invisibility
 x - 2 potions of might {unknown}
 A - 2 potions of haste {unknown}
 K - a potion of heal wounds {unknown}
 M - a potion of resistance {unknown}
Comestibles
 b - 16 rations


   Skills:
 - Level 5.4 Fighting
 * Level 12.2 Maces & Flails
 - Level 5.0 Armour
 - Level 3.0 Dodging
 - Level 4.1 Stealth
 - Level 4.0 Unarmed Combat
 - Level 2.3 Spellcasting
 - Level 7.3 Invocations


You had 14 spell levels left.
You didn't know any spells.
Your spell library contained the following spells:

 Spells                   Type           Power        Failure   Level  Hunger
 Corona                   Hex            #......      43%         1    ##.....
 Magic Dart               Conj           #...         43%         1    ##.....
 Summon Small Mammal      Summ           #...         43%         1    ##.....
 Blink                    Tloc           N/A          58%         2    ###....
 Call Imp                 Summ           #.......     58%         2    ###....
 Ensorcelled Hibernation  Hex/Ice        #.....       58%         2    ###....
 Poisonous Vapours        Pois/Air       #.....       58%         2    ###....
 Searing Ray              Conj           #.....       58%         2    ###....
 Slow                     Hex            #.......     58%         2    ###....
 Call Canine Familiar     Summ           #.......     82%         3    ####...
 Confusing Touch          Hex            #.......     82%         3    ####...
 Conjure Flame            Conj/Fire      #.......     82%         3    ####...
 Dazzling Flash           Conj/Hex       #.....       82%         3    ####...
 Mephitic Cloud           Conj/Pois/Air  #.......     82%         3    ####...
 Summon Guardian Golem    Hex/Summ       #.......     82%         3    ####...
 Tukima's Dance           Hex            #.......     82%         3    ####...
 Fulminant Prism          Conj/Hex       #.........   99%         4    #####..
 Iskenderun's Mystic Bla  Conj/Tloc      #.......     99%         4    #####..
 Summon Ice Beast         Ice/Summ       #.......     99%         4    #####..
 Summon Lightning Spire   Summ/Air       #.......     99%         4    #####..
 Freezing Cloud           Conj/Ice/Air   #.........   100%        6    #######
 Ring of Flames           Chrm/Fire      #.........   100%        7    #######


Dungeon Overview and Level Annotations

Branches:
Dungeon (11/15)            Temple (1/1) D:7            Lair (0/6) D:9
    Orc (0/2) D:10

Altars:
Ashenzari
Cheibriados
Dithmenos
Elyvilon
Fedhas
Gozag
Hepliaklqana
Kikubaaqudgha
Makhleb
Nemelex Xobeh
Okawaru
Qazlal
Ru
Sif Muna
Trog
Uskayaw
Vehumet
Wu Jian
Xom
Yredelemnul
Zin
The Shining One


Innate Abilities, Weirdness & Mutations

You have large cloven feet.
You are partially covered in thin metallic scales. (AC +2)
Your flesh is cold resistant. (rC+)
A demonic guardian rushes to your aid.


Message History

You thump the troll!
The troll is almost dead.
You sock the troll!
You kill the troll!
Fedhas accepts your kill.
The troll leather armour is intact enough to wear.
Something hits you but does no damage.
You closely miss something. Something hits you but does no damage.
Something hits you.
* * * LOW HITPOINT WARNING * * *
You hit something but do no damage. Something hits you but does no damage.
Something hits you.
* * * LOW HITPOINT WARNING * * *
You closely miss something. You punch something. Something hits you.
* * * LOW HITPOINT WARNING * * *
It was a potion of invisibility.
You fade into invisibility!
The iguana bites you!
You die...
Fedhas appreciates your contribution to the ecosystem.

.........#.#...........#
.........#.#....##.###.#
................##.#.#.# ###
####....#.##...........# #..
####.#.#......#....####.#
#.....[...............#
#....#.........#.##.###
#######.######...##....##.#
...........l@....#...#....#
...........##....#...#.######
>........†.# .##.#......... .
...........# ..........#..###
...........# ###.......#.....
...........# .........#...#.
...........# #...........#.
....<......# #.#.#.##.##.....
...........# #..........#.###


You could see an iguana.

Vanquished Creatures
  Harold (D:7)
  A hydra (D:7)
  2 two-headed ogres (D:10)
  A troll (D:11)
  A hippogriff (D:11)
  7 yaks (D:9)
  An acid dragon (D:11)
  A porcupine (D:9)
  4 orc warriors (D:10)
  An ice beast (D:9)
  A sky beast (D:8)
  An eye of draining (D:9)
  A necrophage (D:7)
  3 phantoms
  4 centaurs
  5 ogres
  2 crocodiles (D:9)
  A big kobold (D:10)
  9 bullfrogs
  A scorpion (D:6)
  3 killer bees (D:10)
  3 wights (D:8)
  A vampire bat (D:4)
  2 howler monkeys
  8 crimson imps
  A centaur zombie (D:10)
  6 orc priests
  2 jellies
  4 centaur skeletons
  2 hounds
  8 orc wizards
  Ijyb (D:3)
  3 iguanas
  4 worker ants
  A hound zombie (D:7)
  A hound skeleton (D:10)
  2 worker ant zombies
  7 gnolls
  12 adders
  A shadow imp (D:6)
  2 oozes
  An adder zombie (D:9)
  2 adder skeletons
  4 worms
  3 dart slugs
  3 leopard geckos
  26 orcs
  4 bat skeletons (D:4)
  2 bat zombies (D:4)
  6 giant cockroaches
  6 goblins
  7 hobgoblins
  18 jackals
  11 kobolds
  3 quokkas
  A ball python (D:1)
  4 bats
  9 frilled lizards
  2 gnoll zombies (D:9)
  A leopard gecko skeleton (D:6)
  7 rats
242 creatures vanquished.

Vanquished Creatures (collateral kills)
  4 yaks (D:9)
  A basilisk (D:9)
  2 porcupines (D:9)
  A necrophage (D:3)
  2 ogres
  A crocodile (D:9)
  2 killer bees (D:10)
  2 wights (D:8)
  A vampire bat (D:4)
  4 howler monkeys
  A hound (D:4)
  An iguana (D:9)
  A worker ant (D:4)
  An adder (D:2)
  An ooze (D:3)
  An orc (D:6)
  A goblin (D:2)
  3 jackals (D:4)
  A quokka (D:4)
  A rat (D:2)
32 creatures vanquished.

Vanquished Creatures (others)
  An orc wizard (D:4)
1 creature vanquished.

Grand Total: 275 creatures vanquished

Notes
Turn   | Place    | Note
-------+----------+-------------------------------------------
     0 | D:1      | HanlonsRazors the Demonspawn Monk began the quest for the
                  | Orb.
     0 | D:1      | Reached XP level 1. HP: 18/18 MP: 1/1
   421 | D:1      | Gained mutation: A weak demonic guardian rushes to your
                  | aid. [demonic ancestry]
   421 | D:1      | Reached XP level 2. HP: 24/24 MP: 2/2
  1092 | D:1      | Reached XP level 3. HP: 17/29 MP: 3/3
  1540 | D:1      | Found a glowing golden altar of the Shining One.
  2284 | D:2      | Reached XP level 4. HP: 22/35 MP: 4/4
  3001 | D:2      | Noticed an ogre
  3028 | D:2      | Killed an ogre
  3028 | D:2      | Gained mutation: You are partially covered in thin metallic
                  | scales. (AC +2) [demonic ancestry]
  3028 | D:2      | Reached XP level 5. HP: 21/41 MP: 5/5
  3434 | D:3      | Reached skill level 1 in Armour
  3944 | D:3      | Noticed a necrophage
  3947 | D:3      | Reached XP level 6. HP: 47/48 MP: 6/6
  4720 | D:3      | Noticed Ijyb
  5492 | D:3      | Killed Ijyb
  5917 | D:4      | Found an ancient bone altar of Kikubaaqudgha.
  5938 | D:4      | Gained mutation: You have large cloven feet. [demonic
                  | ancestry]
  5938 | D:4      | Reached XP level 7. HP: 53/54 MP: 7/7
  6001 | D:4      | Reached skill level 5 in Fighting
  6251 | D:4      | Got a crude leather armour
  6804 | D:5      | Entered Level 5 of the Dungeon
  7036 | D:5      | Got a shimmering flail
  7300 | D:5      | Reached skill level 1 in Spellcasting
  7626 | D:5      | Reached skill level 5 in Armour
  7626 | D:5      | Reached XP level 8. HP: 42/62 MP: 8/10
  7628 | D:5      | Identified the +9 flail "Jecwuil" {vorpal, rN+ Str+7 Int-2}
                  | (You found it on level 5 of the Dungeon)
  8021 | D:5      | Reached skill level 1 in Maces & Flails
  8222 | D:6      | Reached skill level 2 in Maces & Flails
  8271 | D:6      | Found a shattered altar of Ashenzari.
  8341 | D:6      | Reached skill level 3 in Maces & Flails
  8348 | D:6      | Found a sacrificial altar of Ru.
  8435 | D:6      | Found an opulent altar of Gozag.
  8595 | D:6      | Reached skill level 4 in Maces & Flails
  9055 | D:6      | Reached skill level 5 in Maces & Flails
  9067 | D:6      | Found a shattered altar of Ashenzari.
  9382 | D:7      | Noticed an eight-headed hydra
  9716 | D:7      | Found a staircase to the Ecumenical Temple.
  9723 | Temple   | Entered the Ecumenical Temple
  9927 | Temple   | Became a worshipper of Fedhas Madash
  9927 | Temple   | Reached * piety under Fedhas
  9927 | Temple   | Reached ** piety under Fedhas
  9984 | D:7      | Noticed Harold
  9997 | D:7      | Killed Harold
  9997 | D:7      | Reached skill level 6 in Maces & Flails
  9997 | D:7      | Gained mutation: A demonic guardian rushes to your aid.
                  | [demonic ancestry]
  9997 | D:7      | Reached XP level 9. HP: 46/67 MP: 12/12
 10126 | D:7      | Reached skill level 7 in Maces & Flails
 10182 | D:7      | Got a pair of spiked gloves
 10188 | D:7      | Identified the cursed +0 pair of gloves of Elej {rN+} (You
                  | found it on level 7 of the Dungeon)
 10221 | D:7      | Killed an eight-headed hydra
 10221 | D:7      | Reached skill level 8 in Maces & Flails
 10221 | D:7      | Reached skill level 5 in Invocations
 11072 | D:8      | Found a burning altar of Makhleb.
 11072 | D:8      | Found a shimmering altar of Xom.
 11191 | D:8      | Reached skill level 9 in Maces & Flails
 11543 | D:9      | Found a staircase to the Lair.
 11549 | D:9      | Reached XP level 10. HP: 37/72 MP: 14/14
 11585 | D:9      | Reached skill level 10 in Maces & Flails
 11824 | D:9      | Reached *** piety under Fedhas
 11980 | D:9      | Found a shimmering blue altar of Sif Muna.
 12083 | D:9      | Found a stormy altar of Qazlal.
 12256 | D:9      | Reached skill level 11 in Maces & Flails
 12493 | D:9      | Found a glowing silver altar of Zin.
 12613 | D:9      | Found a basalt altar of Yredelemnul.
 12867 | D:10     | Entered Level 10 of the Dungeon
 12868 | D:10     | Found a staircase to the Orcish Mines.
 13338 | D:10     | Reached **** piety under Fedhas
 13695 | D:10     | Got a pair of crude boots
 13701 | D:10     | Noticed a two-headed ogre
 13718 | D:10     | Killed a two-headed ogre
 13718 | D:10     | Gained mutation: Your flesh is cold resistant. (rC+)
                  | [demonic ancestry]
 13718 | D:10     | Reached XP level 11. HP: 77/80 MP: 14/16
 13724 | D:10     | Identified the -2 pair of boots of Anaesthesia {MR+} (You
                  | found it on level 10 of the Dungeon)
 14074 | D:10     | Noticed a two-headed ogre
 14099 | D:10     | Killed a two-headed ogre
 14099 | D:10     | Reached skill level 12 in Maces & Flails
 14762 | D:11     | Slain by an iguana

Illustrated notes

Levels and vault maps discovered:
D:1:      eino_arrival_cavern_d, layout_basic, tso_altar
D:2:      layout_rooms, first_ration
D:3:      layout_loops_corners, kennysheep_decorative_pillar, uniq_ijyb
D:4:      layout_loops_corners, kennysheep_vampire_church,
          minmay_misc_feat_more_columns
D:5:      layout_rooms
D:6:      layout_rooms, nicolae_ru_sacrificial_ziggurat, marbit_many_paths,
          overflow_temple_1_default, basic_altar
D:7:      layout_loops_ring, temple_green, grunt_ogre_cave, uniq_harold
D:8:      layout_layer_cave, grunt_temple_overflow_champion_of_chaos
D:9:      layout_loops_ring, nicolae_qazlal_general_emergency,
          lemuel_doored_altar, lemuel_zombie_altar_yredelemnul,
          minmay_lair_entry_grove, led_sif_book
D:10:     layout_basic, orc_0_dummy
D:11:     layout_basic
Temple:   nicolae_temple_figure_eight

Skill      XL: |  1  2  3  4  5  6  7  8  9 10 11 |
---------------+----------------------------------+-----
Stealth        | 2 3 4 |  4.1
Dodging        | 3 |  3.0
Unarmed Combat | 3 4 |  4.0
Armour         | 1 3 5 |  5.0
Fighting       | 4 5 |  5.4
Spellcasting   | 1 2 |  2.3
Maces & Flails | 6 9 11 12 | 12.2
Invocations    | 3 5 6 7 |  7.3

Action                   |  1- 3 |  4- 6 |  7- 9 | 10-12 || total
-------------------------+-------+-------+-------+-------++-------
Melee: Unarmed           |   158 |   260 |   153 |       ||   571
       Punch             |     1 |     1 |     5 |     3 ||    10
       Kick              |       |       |    90 |    42 ||   132
       Flail             |       |       |   151 |   204 ||   355
Throw: Boomerang         |     4 |     2 |       |       ||     6
       Dart              |       |       |     8 |       ||     8
       Throwing net      |       |       |     1 |     1 ||     2
  Use: Scroll            |       |     2 |     2 |     1 ||     5
       Potion            |       |       |       |     3 ||     3
 Stab: Sleeping          |     5 |     1 |     5 |     1 ||    12
       Distracted        |       |       |     3 |     2 ||     5
  Eat: Chunk             |     4 |    11 |    15 |     7 ||    37
       Ration            |       |       |     1 |     1 ||     2
Armor: Robe              |    31 |       |       |       ||    31
       Ring mail         |       |   108 |   116 |    84 ||   308
Dodge: Dodged            |   104 |   181 |   170 |    94 ||   549
